 Dungeon Crawl Stone Soup version 0.29.1-15-g9cfb28693d (webtiles) character file.

Game seed: 16706217573918690107

893 bnorton916 the Magician (level 7, -3/36 HPs)
             Began as a Deep Elf Fire Elementalist on Mar 2, 2023.
             Slain by an unseen horror (8 damage)
             ... on level 5 of the Dungeon.
             The game lasted 00:05:52 (6183 turns).

bnorton916 the Magician (DEFE)                      Turns: 6183, Time: 00:05:52

Health: -3/36      AC:  3    Str:  5    XL:     7   Next: 78%
Magic:  16/19      EV: 12    Int: 22    God:
Gold:   175        SH:  0    Dex: 15    Spells: 10/20 levels left

rFire   . . .      SeeInvis .   d - staff of air
rCold   . . .      Faith    .   (no shield)
rNeg    . . .      Spirit   .   a - +0 robe
rPois   .          Reflect  .   (no helmet)
rElec   +          Harm     .   m - +0 cloak
rCorr   .          Rampage  .   (no gloves)
Will    .....                   (no boots)
Stlth   ++........              (no amulet)
HPRegen 0.12/turn               (no ring)
MPRegen 0.16/turn               (no ring)

@: no status effects
A: no striking features
a: no special abilities


You were on level 5 of the Dungeon.
You visited 2 branches of the dungeon, and saw 6 of its levels.

You collected 175 gold pieces.

Inventory:

Hand Weapons
 q - the +7 sling of Regi {venom, +Blink rF+}
   (You found it on level 3 of the Dungeon)

   Any ammunition fired from it poisons the flesh of those it strikes.
   rF:        It protects you from fire.
   +Blink:    It lets you blink.
Armour
 a - a +0 robe (worn)
 m - a +0 cloak (worn)
 v - the +1 robe "Hale" {rElec Regen+ Str-5 Dex+5}
   (You took it off an orc wizard on level 4 of the Dungeon)

   Str:       It affects your strength (-5).
   Dex:       It affects your dexterity (+5).
   rElec:     It insulates you from electricity.
   Regen:     It increases your rate of health regeneration.
Magical Staves
 d - a staff of air (weapon)
Scrolls
 g - 9 scrolls of identify {unknown}
 h - a scroll of silence {unknown}
 i - 3 scrolls of teleportation {unknown}
 j - a scroll of enchant weapon {unknown}
 k - a scroll of amnesia {unknown}
 n - a scroll of poison {unknown}
 p - a scroll of magic mapping {unknown}
 r - a scroll of brand weapon {unknown}
 s - a scroll of immolation {unknown}
 t - 2 scrolls of noise {unknown}
 w - a scroll of enchant armour {unknown}
Potions
 b - a potion of magic
 c - 2 potions of lignification {unknown}
 e - 2 potions of curing
 f - 2 potions of might {unknown}
 l - a potion of resistance {unknown}
 o - a potion of haste {unknown}
 u - a potion of heal wounds {unknown}


   Skills:
 - Level 2.4 Dodging
 - Level 2.4 Stealth
 + Level 7.3 Spellcasting
 + Level 5.6 Conjurations
 + Level 6.5 Fire Magic


You had 10 spell levels left.
You knew the following spells:

 Your Spells              Type           Power      Damage    Failure   Level
a - Foxfire               Conj/Fire      100%       2x1d9     1%          1
b - Scorch                Fire           72%        2d8       1%          2
c - Conjure Flame         Conj/Fire      34%        6-21      1%          3
d - Flame Wave            Conj/Fire      34%        2d10      7%          4

Your spell library contained the following spells:

 Spells                   Type           Power      Damage    Failure   Level
 Magic Dart               Conj           100%       1d8       1%          1
 Searing Ray              Conj           64%        2d6       1%          2
 Static Discharge         Conj/Air       30%        3-7/arc   3%          2
 Inner Flame              Hex/Fire       22%        N/A       6%          3
 Fulminant Prism          Conj/Hex       10%        3d9       26%         4
 Lightning Bolt           Conj/Air       15%        1d29      56%         5
 Maxwell's Capacitive Co  Air            6%         ∞         100%        8


Dungeon Overview and Level Annotations

Branches:
Dungeon (5/15)             Temple (1/1) D:4

Altars:
Ashenzari
Cheibriados
Hepliaklqana
Kikubaaqudgha
Makhleb
Okawaru
Qazlal
Ru
Sif Muna
Trog
Vehumet
Xom
Yredelemnul
Zin
The Shining One

Shops:
D:1 [*!::


Message History

You see here a +0 spear.
Found a stone staircase leading down.
Found 3 stones.
Found a sacrificial altar of Ru.
You hear a distant slurping noise.
Found a leather armour.
Found a stone staircase leading up.
You see here a black bear skeleton.
There is a stone staircase leading up here.
Found a radiant altar of Vehumet.
Found 10 gold pieces.
Something hits you!
Deactivating autopickup; reactivate with Ctrl-A.
There is a radiant altar of Vehumet here.
Something barely misses you.
Casting: Scorch (safe; 1% risk of failure)
Confirm with . or Enter, or press ? or * to list all spells.
You conjure some foxfire!
Something hits you.
The foxfire hits something but does no damage.
The foxfire hits something but does no damage.
Something hits you but does no damage. Something hits you!
Casting: Foxfire (safe; 1% risk of failure)
Confirm with . or Enter, or press ? or * to list all spells.
You conjure some foxfire!
Something hits you but does no damage.
The foxfire hits something. x2; Something hits you but does no damage.
Casting: Foxfire (safe; 1% risk of failure)
Confirm with . or Enter, or press ? or * to list all spells.
You conjure some foxfire!
Something hits you!
* * * LOW HITPOINT WARNING * * *
The foxfire hits something but does no damage. x2
Something hits you.
* * * LOW HITPOINT WARNING * * *
Casting: Foxfire (safe; 1% risk of failure)
Confirm with . or Enter, or press ? or * to list all spells.
You conjure some foxfire!
Something completely misses you.
The foxfire hits something.
The foxfire hits something.
Something hits you.
* * * LOW HITPOINT WARNING * * *
It was a potion of curing.
You feel better. Something hits you.
* * * LOW HITPOINT WARNING * * *
Something hits you!
You die...

###### ###.# #.##...#
#### .....######.##.#.#
.... ..$........##.#.##
#..##.##..# #.........
....#.#...# #........)
#.....#.###..##.#..#
#.##.§.##..##..##.#..#
#....@............#..#
#.##...##....<.####...
#.....#.###.## ###.#
#...#.#...# #.# #....
....##.##..###.####.###
#.#. ^..[....).÷....# #
#.# ......########..###
# #..#..# #..... #.##.#


There were no monsters in sight!

Vanquished Creatures
  A black bear (D:5)
  2 phantoms
  3 scorpions
  A howler monkey (D:4)
  2 hounds (D:4)
  4 jellies
  2 orc priests (D:4)
  An orc wizard (D:4)
  2 iguanas (D:4)
  4 adders
  3 worms
  A dart slug (D:3)
  8 orcs
  5 endoplasms
  9 goblins
  6 hobgoblins
  4 jackals (D:2)
  6 kobolds
  4 quokkas
  7 ball pythons
  7 bats
  5 frilled lizards
  3 rats (D:1)
90 creatures vanquished.

Vanquished Creatures (others)
  344 foxfires
344 creatures vanquished.

Grand Total: 434 creatures vanquished

Notes
Turn   | Place    | Note
-------+----------+-------------------------------------------
     0 | D:1      | bnorton916 the Deep Elf Fire Elementalist began the quest
                  | for the Orb.
     0 | D:1      | Reached XP level 1. HP: 10/10 MP: 6/6
   196 | D:1      | Found Helubev's Distillery.
   340 | D:1      | Reached XP level 2. HP: 15/15 MP: 1/8
   460 | D:1      | Found Patug's Book Emporium.
   769 | D:1      | Found Lisah's Book Emporium.
   911 | D:1      | Found Vuevipt's Assorted Antiques.
   957 | D:1      | Found Onwun Hotiru's Antique Armour Shop.
  1551 | D:2      | Reached XP level 3. HP: 19/19 MP: 7/10
  1554 | D:2      | Learned a level 2 spell: Scorch
  1635 | D:2      | Learned a level 3 spell: Conjure Flame
  2736 | D:2      | Noticed a phantom
  2750 | D:2      | Killed a phantom
  2751 | D:2      | Reached skill level 4 in Spellcasting
  2751 | D:2      | Reached XP level 4. HP: 24/24 MP: 2/12
  3021 | D:3      | Noticed a scorpion
  3038 | D:3      | Killed a scorpion
  3039 | D:3      | Reached XP level 5. HP: 28/28 MP: 0/14
  3315 | D:3      | Reached skill level 5 in Spellcasting
  3378 | D:3      | Found a stormy altar of Qazlal.
  3642 | D:3      | Found a burning altar of Makhleb.
  3876 | D:3      | Identified the +7 sling of Regi {venom, +Blink rF+}
  3992 | D:3      | Found a faded altar of an unknown god.
  4165 | D:4      | Noticed a phantom
  4177 | D:4      | Killed a phantom
  4178 | D:4      | Reached skill level 5 in Fire Magic
  4178 | D:4      | Reached XP level 6. HP: 20/32 MP: 4/16
  4312 | D:4      | Found a staircase to the Ecumenical Temple.
  4326 | Temple   | Entered the Ecumenical Temple
  4769 | D:4      | Found an ancient bone altar of Kikubaaqudgha.
  4826 | D:4      | Reached skill level 6 in Spellcasting
  4904 | D:4      | Reached XP level 7. HP: 25/36 MP: 12/18
  5178 | D:4      | Reached skill level 5 in Conjurations
  5523 | D:4      | Identified the +1 robe "Hale" {rElec Regen+ Str-5 Dex+5}
  5723 | D:5      | Entered Level 5 of the Dungeon
  5807 | D:5      | Reached skill level 7 in Spellcasting
  5831 | D:5      | Learned a level 4 spell: Flame Wave
  6107 | D:5      | Found a sacrificial altar of Ru.
  6166 | D:5      | Found a radiant altar of Vehumet.
  6183 | D:5      | Slain by an unseen horror

Illustrated notes

Levels and vault maps discovered:
D:1:      dpeg_arrival_rooms_a, layout_loops_corners, serial_shops,
          nicolae_shop_hallway_plus, shop, nicolae_shop_trees, shop, shop,
          hex_large
D:2:      layout_basic
D:3:      layout_basic, mainiacjoe_overflow_brackets, old_standard_altar,
          hellmonk_ecumenical_altar_leap_of_faith, kennysheep_nondescript
D:4:      layout_basic, general_overflow_altar, temple_pool_b
D:5:      minmay_clustersquares, layout_loops_ring,
          mainiacjoe_overflow_small_starburst, lemuel_crystal_altar,
          mainiacjoe_overflow_alcove_1
Temple:   hellmonk_temple_beads

Skill      XL: |  1  2  3  4  5  6  7 |
---------------+----------------------+-----
Conjurations   | 2 3 4 5 |  5.6
Fire Magic     | 4 5 6 |  6.5
Spellcasting   | 4 5 6 7 |  7.3
Dodging        | |  2.4
Stealth        | |  2.4

Action                   |  1- 3 |  4- 6 |  7- 9 || total
-------------------------+-------+-------+-------++-------
Melee: Staff             |     5 |       |       ||     5
 Cast: Foxfire           |   104 |    72 |    34 ||   210
       Scorch            |     6 |    22 |    11 ||    39
       Conjure Flame     |       |     1 |       ||     1
  Use: Potion            |       |       |     1 ||     1
Armor: Robe              |     2 |     5 |     5 ||    12
Dodge: Dodged            |    22 |    18 |     8 ||    48
